 Dungeon Crawl Stone Soup version 0.14-a0-2443-g5aee772 (webtiles) character file.

97 4tharraofdagon the Firebug (level 3, -1/28 HPs)
             Began as a Djinni Fire Elementalist on Feb 6, 2014.
             Was an Initiate of Vehumet.
             Slain by a centaur (7 damage)
             ... on Level 5 of the Dungeon.
             The game lasted 00:04:05 (697 turns).

4tharraofdagon the Firebug (DjFE)                    Turns: 697, Time: 00:04:05

HP  -1/28        AC  5     Str  8      XL: 3   Next: 66%
MP   0/0         EV 10     Int 16      God: Vehumet [......]
Gold 43          SH  0     Dex 13      Spells:  2 memorised,  3 levels left

rFire  + + +     SeeInvis .     e - +3,+2 short sword
rCold  x . .     Clarity  .     d - +2 elf leather armour
rNeg   + + +     Conserve .     (no shield)
rPois  .         rCorr    .     (no helmet)
rElec  .         rRot     .     (no cloak)
SustAb . .       Spirit   .     (no gloves)
rMut   .         Warding  .     (boots unavailable)
Saprov . . .     Stasis   .     (no amulet)
MR     .....                    (no ring)
                                g - ring of protection from fire {unknown}

@: about to teleport, flying, not resistant to hostile enchantments, unstealthy
A: fire immunity, cold vulnerability, life protection 3
a: Renounce Religion


You were on level 5 of the Dungeon.
You worshipped Vehumet.
Vehumet was noncommittal.
You were not hungry.

You visited 1 branch of the dungeon, and saw 5 of its levels.

You collected 43 gold pieces.

Inventory:

Hand weapons
 e - a +3,+2 short sword (weapon)
 o - a +0,+0 halberd
Armour
 a - a +0 robe
 d - a +2 elven leather armour (worn)
 j - a +0 robe
Scrolls
 c - 2 scrolls of identify {unknown}
Jewellery
 g - a ring of protection from fire (left hand) {unknown}
Books
 b - a book of Flames

   Spells                             Type                      Level
   *Flame Tongue                      Conjuration/Fire             1
   Throw Flame                        Conjuration/Fire             2
   *Conjure Flame                     Conjuration/Fire             3
   Inner Flame                        Hexes/Fire                   3
   Sticky Flame                       Conjuration/Fire             4
   Fireball                           Conjuration/Fire             5
Magical staves
 n - an uncursed staff of death


   Skills:
 + Level 0.6 Fighting
 - Level 1.7 Dodging
 - Level 1.5 Stealth
 + Level 2.9 Spellcasting
 * Level 2.8 Conjurations
 * Level 4.5 Fire Magic


You had 3 spell levels left.
You knew the following spells:

 Your Spells              Type           Power        Failure   Level  Hunger
a - Flame Tongue          Conj/Fire      ##...        6%          1    #......
b - Conjure Flame         Conj/Fire      ##......     14%         3    ###....


Dungeon Overview and Level Annotations

Branches:
Dungeon (5/16)
 Temple: D:4-7

Altars:
Vehumet


Innate Abilities, Weirdness & Mutations

You are immune to all types of fire, even holy and hellish.
You are vulnerable to cold.
You need no food.
You have no legs.
You are immune to negative energy.


Message History

Are you sure you want to cancel this blink?
Okay, then.
It was a scroll of blinking.
The centaur hits you.
Read which item? (? for menu, Esc to quit)
As you read the scroll labeled THRUGU SAOGG, it crumbles to dust.
You experience a momentary feeling of inescapable doom!
It was a scroll of random uselessness.
The centaur closely misses you. The centaur hits you!
* * * LOW HITPOINT WARNING * * *
Read which item? (? for menu, Esc to quit)
Okay, then.
Drink which item? (? for menu, Esc to quit)
You feel better.
It was a potion of curing.
The centaur hits you.
* * * LOW HITPOINT WARNING * * *
Unknown command.
Read which item? (? for menu, Esc to quit)
As you read the scroll labeled IRREPULI WAUMN, it crumbles to dust.
You feel strangely unstable.
It was a scroll of teleportation.
The centaur barely misses you. The centaur hits you!
You die...

##.....#####....#
..............#.#
....###.#.###.#.########
....# #.#.# #.......'%%#
.##.###.#.###....####()#
........#......#.# ###
.##.#########.##(#######
.##... .#......c.(.....#
.##.###.#.###.##@#####.#
....# .#.# #.##.#
....###.#.###.##.#
###...........##.#
####....#### #.# #.####
#.# #.# #.# #.# #.# #.#
#.#


You could see a centaur.

Vanquished Creatures
  3 adders
  An orc (D:3)
  2 bats
  2 giant cockroaches (D:3)
  2 goblins
  4 hobgoblins
  2 jackals (D:3)
  4 kobolds
  A quokka (D:3)
  2 giant newts (D:3)
  2 rats
25 creatures vanquished.

Notes
Turn   | Place    | Note
--------------------------------------------------------------
     0 | D:1      | 4tharraofdagon, the Djinni Fire Elementalist, began the quest for the Orb.
     0 | D:1      | Reached XP level 1. HP: 14/14 MP: 0/0
   167 | D:2      | Reached XP level 2. EP: 13/23
   239 | D:2      | Reached XP level 3. EP: 19/28
   296 | D:3      | Learned a level 3 spell: Conjure Flame
   538 | D:5      | Entered Level 5 of the Dungeon
   588 | D:5      | Found a radiant altar of Vehumet.
   594 | D:5      | Became a worshipper of Vehumet
   686 | D:5      | Noticed a centaur
   697 | D:5      | Slain by a centaur

Action                   || total
-------------------------++-------
Melee: Short sword       ||    56
 Cast: Flame Tongue      ||    17
  Use: Scroll            ||     7
       Potion            ||     2
